 Dungeon Crawl Stone Soup version 0.18-a0-822-gb52b7b4 (webtiles) character file.

44 Ijustatesigmund the Grasshopper (level 3, 0/18 HPs)
             Began as a Spriggan Warper on Dec 16, 2015.
             Slain by an adder (3 damage)
             ... on level 4 of the Dungeon.
             The game lasted 00:06:05 (1769 turns).

Ijustatesigmund the Grasshopper (Spriggan Warper)   Turns: 1769, Time: 00:06:05

Health: 0/18       AC:  2    Str:  7    XL:     3   Next: 41%
Magic:  9/9        EV: 13    Int: 15    God:
Gold:   82         SH:  0    Dex: 15    Spells: 2 memorised, 7 levels left

rFire  . . .     SeeInvis +     a - +0 short sword
rCold  . . .     Gourm    .     b - +0 robe
rNeg   . . .     Faith    .     (shield restricted)
rPois  .         Spirit   .     (helmet restricted)
rElec  .         Dismiss  .     (no cloak)
rCorr  .         Reflect  .     (gloves unavailable)
SustAt .         Harm     .     (boots unavailable)
MR     .....                    (no amulet)
Stlth  ++........               (no ring)
                                (no ring)

@: very quick, not resistant to hostile enchantments, unstealthy
A: unfitting armour, see invisible, herbivore 3, speed 3, slow metabolism 2
a: no special abilities


You were on level 4 of the Dungeon.
You were not hungry.

You visited 1 branch of the dungeon, and saw 4 of its levels.

You collected 82 gold pieces.

Inventory:

Hand Weapons
 a - a +0 short sword (weapon)
 g - a +0 short sword of draining
Missiles
 e - 5 tomahawks of dispersal (quivered)
Armour
 b - a +0 robe (worn)
Scrolls
 d - a scroll of blinking
 h - a scroll of identify
 i - a scroll of enchant armour
Books
 c - a book of Spatial Translocations

   Spells                             Type                      Level
   a - Apportation                    Translocation                1
   b - Blink                          Translocation                2
   c - Shroud of Golubria             Charms/Translocation         2
   d - Portal Projectile              Translocation                3
   e - Teleport Other                 Translocation                3
   f - Passage of Golubria            Translocation                4
Comestibles
 f - 3 bread rations


   Skills:
 - Level 1.5 Fighting
 - Level 2.1 Short Blades
 - Level 1.0 Throwing
 - Level 3.5 Dodging
 + Level 3.0 Stealth
 + Level 4.1 Spellcasting
 - Level 4.4 Translocations


You had 7 spell levels left.
You knew the following spells:

 Your Spells              Type           Power        Failure   Level  Hunger
a - Apportation           Tloc           ###.......   3%          1    None
b - Blink                 Tloc           N/A          6%          2    ##.....


Dungeon Overview and Level Annotations

Branches:
Dungeon (3/15)

Altars:
Elyvilon
Makhleb
Nemelex Xobeh
Pakellas
Qazlal
Vehumet

Annotations:
D:2 Jessica, Sigmund


Innate Abilities, Weirdness & Mutations

You are tiny and cannot use many weapons and most armour.
You have supernaturally acute eyesight.
You are a herbivore.
You cover ground extremely quickly.
You need consume almost no food.


Message History

The worm bites you!
Ouch! That really hurt!
* * * LOW HITPOINT WARNING * * *
You see here a robe.
The kobold throws a stone.
The stone completely misses you.
There is a stone staircase leading up here.
You climb upwards.
Level annotation: Jessica, Sigmund
There is a stone staircase leading down here.
You fall through a shaft for 2 floors!
The shaft crumbles and collapses.
A worker ant and a skeleton come into view.
Found 10 stones and a glowing chain mail.
Found a stone staircase leading up.
An adder comes into view.
The worker ant twitches its antennae in your direction.
The giant gecko skeleton completely misses you.
There is a stone staircase leading up here.
The adder bites you.
You die...

........# .......##
........# .....#
#....... . #....#
#.....# # .. #....#
#.....#..# ... #.a..#
##.S....#..
#.[#....###..@.......
#......##.Z.#####...
#.(....#....#
##......a....#
#............#
#....#....##### ....
#...## ... #...# ..
##..#


You could see a worker ant, an adder and a giant gecko skeleton.

Vanquished Creatures
  An adder (D:3)
  3 giant geckos (D:1)
  4 goblins
  A hobgoblin (D:2)
  A jackal (D:3)
  7 kobolds (D:1)
  A quokka (D:2)
  A ball python (D:2)
  4 bats
  4 giant newts
  6 rats
33 creatures vanquished.

Vanquished Creatures (others)
  A plant (D:1)
1 creature vanquished.

Grand Total: 34 creatures vanquished

Notes
Turn   | Place    | Note
--------------------------------------------------------------
     0 | D:1      | Ijustatesigmund the Spriggan Warper began the quest for the Orb.
     0 | D:1      | Reached XP level 1. HP: 10/10 MP: 5/5
    94 | D:1      | Reached skill level 1 in Stealth
   247 | D:1      | Reached XP level 2. HP: 14/14 MP: 7/7
   251 | D:1      | Learned a level 2 spell: Blink
   968 | D:2      | Found an oddly glowing altar of Pakellas.
   997 | D:2      | Noticed Jessica
  1003 | D:2      | Noticed Sigmund
  1035 | D:2      | Reached XP level 3. HP: 6/18 MP: 9/9
  1729 | D:3      | Found a burning altar of Makhleb.
  1729 | D:3      | Found a sparkling altar of Nemelex Xobeh.
  1730 | D:3      | Found a radiant altar of Vehumet.
  1731 | D:3      | Found a white marble altar of Elyvilon.
  1732 | D:3      | Found a stormy altar of Qazlal.
  1761 | D:2      | You fall through a shaft for 2 floors!
  1769 | D:4      | Slain by an adder

Vault maps used:
D:1:      nicolae_arrival_somewhat_less_tricky_arrival, lexackson_kobold_supper
D:2:      grunt_pakellas_sulfur, uniq_jessica, uniq_sigmund
D:3:      kennysheep_goblin_castle, grunt_temple_overflow_open, first_bread,
          okawaru_altar_gauntlet_db, uniq_natasha
D:4:      minmay_temple_entry_junction, kennysheep_cross_bottleneck

Action                   || total
-------------------------++-------
Melee: Short sword       ||   123
  Use: Scroll            ||     5
       Potion            ||     3
 Stab: Sleeping          ||     6
